 Dungeon Crawl Stone Soup version 0.19.1 (webtiles) character file.

23534 Mefis the Thaumaturge (level 12, 0/68 HPs)
             Began as a Deep Elf Wizard on Dec 15, 2016.
             Was a High Priest of Sif Muna.
             Slain by a hell hound (13 damage)
             ... led by Azrael
             ... on level 13 of the Dungeon.
             The game lasted 01:18:26 (19222 turns).

Mefis the Thaumaturge (Deep Elf Wizard)            Turns: 19222, Time: 01:18:27

Health: 0/68       AC: 10    Str:  4    XL:     12   Next: 72%
Magic:  25/30      EV: 17    Int: 29    God:    Sif Muna [*****.]
Gold:   744        SH:  0    Dex: 13    Spells: 11 memorised, 1 level left

rFire  . . .     SeeInvis .     c - +3 quarterstaff (chaos)
rCold  + . .     Gourm    .     q - +0 robe {rC+}
rNeg   + . .     Faith    .     (shield currently unavailable)
rPois  .         Spirit   .     A - +0 helmet
rElec  .         Reflect  .     E - +1 cloak {+Inv}
rCorr  .         Harm     .     i - +0 pair of gloves
MR     +....                    Y - +0 pair of boots
Stlth  ++++......               T - amulet of regeneration
                                B - +3 ring of protection
                                X - ring of positive energy

@: repel missiles, divine energy
A: no striking features
a: Stop Divine Energy, Channel Magic, Forget Spell, Renounce Religion, Evoke
Invisibility


You were on level 13 of the Dungeon.
You worshipped Sif Muna.
Sif Muna was extremely pleased with you.
You were not hungry.

You visited 3 branches of the dungeon, and saw 15 of its levels.
You also visited: Bailey.

You collected 1260 gold pieces.
You spent 516 gold pieces at shops.

Inventory:

Hand Weapons
 c - a +3 quarterstaff of chaos (weapon)
Missiles
 Z - a throwing net (quivered)
Armour
 i - a +0 pair of gloves (worn)
 q - a +0 robe of cold resistance (worn)
 w - a +0 robe
 A - a +0 helmet (worn)
 E - a +1 cloak of invisibility (worn)
 Y - a +0 pair of boots (worn)
Jewellery
 f - an uncursed ring of flight
 n - an uncursed ring of fire
 B - a +3 ring of protection (right hand)
 T - an amulet of regeneration (around neck)
 X - a ring of positive energy (left hand)
Wands
 j - a wand of polymorph (18/24)
 t - a wand of acid (3/15)
 R - a wand of polymorph (0/24)
 V - a wand of iceblast (0/15)
Scrolls
 e - 2 scrolls of noise
 l - 3 scrolls of teleportation
 m - 9 scrolls of remove curse
 s - 2 scrolls of fog
 u - a scroll of acquirement {unknown}
 v - 2 scrolls of magic mapping
Potions
 a - a potion of berserk rage {unknown}
 b - a potion of heal wounds
 h - a potion of cancellation
 o - a potion of lignification {unknown}
 p - 11 potions of curing
 z - 4 potions of magic
Books
 d - Sif Muna's Almanac of the Burning Mountains
   (Sif Muna gifted it to you on level 11 of the Dungeon)

   Spells                             Type                      Level
   a - Flame Tongue                   Conjuration/Fire             1
   b - Stone Arrow                    Conjuration/Earth            3
   c - Bolt of Fire                   Conjuration/Fire             6
   d - Delayed Fireball               Conjuration/Fire             7
 y - a book of Necromancy

   Spells                             Type                      Level
   a - Pain                           Necromancy                   1
   b - Animate Skeleton               Necromancy                   1
   c - Vampiric Draining              Necromancy                   3
   d - Regeneration                   Charms/Necromancy            3
   e - Animate Dead                   Necromancy                   4
   f - Control Undead                 Necromancy                   4
Comestibles
 g - 5 beef jerkies
 k - 5 royal jellies
 r - 5 meat rations
 C - 3 slices of pizza
 M - 8 bread rations
 Q - 29 fruits


   Skills:
 + Level 5.0 Fighting
 + Level 8.5 Dodging
 + Level 8.5 Stealth
 * Level 12.4 Spellcasting
 + Level 7.9 Conjurations
 - Level 4.1 Hexes
 - Level 3.8 Charms
 - Level 3.2 Summonings
 + Level 0.5 Necromancy
 - Level 3.5 Translocations
 - Level 6.8 Fire Magic
 - Level 2.7 Air Magic
 * Level 7.2 Earth Magic
 - Level 3.5 Poison Magic
 + Level 5.7 Invocations
 + Level 6.9 Evocations


You had one spell level left.
You knew the following spells:

 Your Spells              Type           Power        Failure   Level  Hunger
a - Iskenderun's Mystic   Conj           ######..     1%          4    None
b - Call Imp              Summ           #####...     1%          2    None
c - Blink                 Tloc           N/A          1%          2    None
e - Mephitic Cloud        Conj/Pois/Air  #####...     1%          3    None
f - Conjure Flame         Conj/Fire      ######..     1%          3    None
g - Slow                  Hex            #####...     1%          2    None
n - Summon Lightning Spi  Summ/Air       #####...     10%         4    None
o - Repel Missiles        Chrm/Air       #####.       1%          2    None
p - Regeneration          Chrm/Necr      ####......   4%          3    None
q - Fulminant Prism       Conj/Hex       ######....   2%          4    None
s - Bolt of Magma         Conj/Fire/Erth ######....   6%          5    ##.....


Dungeon Overview and Level Annotations

Branches:
Dungeon (13/15)            Temple (1/1) D:5            Lair (1/6) D:11
    Orc (0/2) D:11
 Vaults: D:13-14

Altars:
Ashenzari
Cheibriados
Dithmenos
Elyvilon
Fedhas
Gozag
Hepliaklqana
Kikubaaqudgha
Makhleb
Nemelex Xobeh
Okawaru
Qazlal
Ru
Sif Muna
Trog
Uskayaw
Vehumet
Xom
Yredelemnul
Zin
The Shining One

Shops:
D:5 ?   D:12 !

Annotations:
D:13 Azrael


Message History

a giant club; a hill giant skeleton Done exploring.
Done exploring.
You see here a club.
Things that are here:
a robe; a dagger
There is a stone staircase leading down here.
You climb downwards.
Level annotation: Azrael The fire elemental barely misses you.
Azrael gestures at you. The bolt of fire hits you!
Ouch! That really hurt!
The fire elemental hits you. The fire elemental burns you!
There is a stone staircase leading up here.
You see here an arrow.
The hell hound bites you!
* * * LOW HITPOINT WARNING * * *
The fire elemental barely misses you. The hell hound bites you!
You die...

§.§.§....
.........
#........
##..$.....
#.§...(...
#.R.......
#Zh.......
#.h.......
#@E.......
##........
##.......
######.


You could see Azrael, a fire elemental, 2 hell hounds and a centaur warrior
skeleton.

Vanquished Creatures
  Nessos (D:12)
  Snorg (D:10)
  Erolcha (D:12)
  An unseen horror (D:12)
  6 hill giants
  3 orc knights (Bailey)
  3 cyclopes
  An ugly thing (D:12)
  The ghost of Nydiazath the Covert, a novice SpEn of Okawaru (D:8)
  2 manticores
  Joseph (D:9)
  2 kobold demonologists (D:11)
  2 komodo dragons (D:12)
  3 trolls
  3 hippogriffs
  A two-headed ogre (D:8)
  A shadow (D:13)
  5 wyverns
  2 basilisks (D:11)
  Eustachio (D:6)
  2 fire elementals
  A hungry ghost (D:11)
  A mottled dragon (D:12)
  3 water moccasins
  2 porcupines (D:11)
  2 hornet zombies
  10 orc warriors
  2 phantoms
  2 sky beasts
  3 black bears
  4 ice beasts
  3 necrophages
  8 ogres
  10 centaurs
  2 crocodiles (D:11)
  3 big kobolds
  2 gnoll sergeants
  8 bullfrogs
  A wyvern skeleton (D:10)
  4 scorpions
  A water moccasin skeleton (D:8)
  6 killer bees
  3 spriggan skeletons (D:9)
  5 wights (D:12)
  4 howler monkeys
  A troll skeleton (D:9)
  7 crimson imps
  A jelly (D:10)
  2 bullfrog zombies
  13 hounds
  14 orc wizards
  Crazy Yiuf (D:3)
  7 centaur skeletons
  A gnoll shaman (D:8)
  8 orc priests
  2 bullfrog skeletons
  15 iguanas
  5 worker ants
  A killer bee zombie (D:8)
  A howler monkey zombie (D:11)
  A howler monkey skeleton (D:5)
  23 gnolls
  8 adders
  3 river rats
  A shadow imp (D:12)
  2 oozes
  2 adder skeletons
  2 adder zombies
  6 worms
  2 dart slugs (D:1)
  6 leopard geckos
  46 orcs
  6 giant cockroaches
  9 goblins
  11 hobgoblins
  8 jackals
  8 quokkas
  5 bats
  4 frilled lizards
  A giant cockroach zombie (D:6)
  27 kobolds
  A leopard gecko zombie (D:5)
  12 rats
  A fulminant prism (D:8)
407 creatures vanquished.

Vanquished Creatures (collateral kills)
  2 bullfrogs
  A scorpion (D:4)
  An orc priest (D:5)
  Robin (D:3)
  A giant cockroach (D:4)
  8 goblins (D:3)
  3 hobgoblins (D:3)
  2 jackals (D:3)
  A quokka (D:3)
20 creatures vanquished.

Vanquished Creatures (others)
  49 fulminant prisms
  A fungus (D:11)
50 creatures vanquished.

Grand Total: 477 creatures vanquished

Notes
Turn   | Place    | Note
-------+----------+-------------------------------------------
     0 | D:1      | Mefis the Deep Elf Wizard began the quest for the Orb.
     0 | D:1      | Reached XP level 1. HP: 10/10 MP: 7/7
   409 | D:1      | Reached XP level 2. HP: 12/15 MP: 1/9
   420 | D:1      | Learned a level 2 spell: Call Imp
   423 | D:1      | Learned a level 2 spell: Blink
   426 | D:1      | Learned a level 2 spell: Repel Missiles
   661 | D:1      | Reached skill level 5 in Spellcasting
  1167 | D:2      | Reached XP level 3. HP: 11/19 MP: 6/11
  1234 | D:1      | Learned a level 3 spell: Mephitic Cloud
  2127 | D:3      | Reached skill level 1 in Poison Magic
  2208 | D:3      | Reached XP level 4. HP: 21/24 MP: 0/13
  2447 | D:3      | Noticed Robin
  2462 | D:3      | Killed Robin
  2472 | D:3      | Reached skill level 1 in Air Magic
  2657 | D:3      | Found an ancient bone altar of Kikubaaqudgha.
  2721 | D:3      | Found an iron altar of Okawaru.
  2745 | D:3      | Noticed a bullfrog
  2792 | D:3      | Killed a bullfrog
  2792 | D:3      | Reached XP level 5. HP: 12/28 MP: 1/15
  3316 | D:3      | Found a runed door.
  3494 | D:3      | Noticed Crazy Yiuf
  3504 | D:3      | Killed Crazy Yiuf
  3504 | D:3      | Reached skill level 6 in Spellcasting
  3881 | D:4      | Reached skill level 1 in Evocations
  4032 | D:4      | Reached XP level 6. HP: 32/32 MP: 17/17
  4037 | D:4      | Learned a level 3 spell: Conjure Flame
  4040 | D:4      | Learned a level 2 spell: Slow
  4941 | D:5      | Entered Level 5 of the Dungeon
  4961 | D:5      | Reached XP level 7. HP: 37/37 MP: 3/18
  5237 | D:5      | Found a staircase to the Ecumenical Temple.
  5250 | Temple   | Entered the Ecumenical Temple
  5484 | Temple   | Became a worshipper of Sif Muna the Loreminder
  5674 | D:5      | Reached skill level 1 in Fighting
  5674 | D:5      | Reached skill level 7 in Spellcasting
  5813 | D:5      | Found Tededgh's Magic Scroll Boutique.
  5816 | D:5      | Bought a scroll of identify for 22 gold pieces
  5816 | D:5      | Bought a scroll of blinking for 82 gold pieces
  5816 | D:5      | Bought a scroll of teleportation for 33 gold pieces
  5816 | D:5      | Bought a scroll of enchant armour for 82 gold pieces
  6482 | D:5      | Reached XP level 8. HP: 39/43 MP: 10/21
  6830 | D:6      | Reached skill level 5 in Stealth
  6882 | D:6      | Reached * piety under Sif Muna
  6882 | D:6      | Reached skill level 8 in Spellcasting
  6882 | D:6      | Reached skill level 1 in Hexes
  7092 | D:6      | Reached skill level 1 in Charms
  7170 | D:6      | Found a white marble altar of Elyvilon.
  7173 | D:6      | Found a hazy altar of Hepliaklqana.
  7175 | D:6      | Found a radiant altar of Vehumet.
  7343 | D:6      | Reached skill level 5 in Dodging
  7440 | D:6      | Noticed Eustachio
  7456 | D:6      | Killed Eustachio
  7456 | D:6      | Reached skill level 1 in Invocations
  7919 | D:7      | Found a flagged portal.
  7941 | Bailey   | Entered a bailey
  7948 | Bailey   | Noticed an orc knight
  7951 | Bailey   | Noticed an orc knight
  7965 | Bailey   | Killed an orc knight
  7965 | Bailey   | Reached ** piety under Sif Muna
  7965 | Bailey   | Reached XP level 9. HP: 41/48 MP: 6/23
  7974 | Bailey   | Noticed an orc knight
  8128 | Bailey   | Killed an orc knight
  8128 | Bailey   | Reached skill level 9 in Spellcasting
  8264 | Bailey   | Noticed Paps's ghost (novice TeAE)
  8276 | Bailey   | Killed an orc knight
  8276 | Bailey   | Reached skill level 5 in Conjurations
  9349 | D:8      | Reached XP level 10. HP: 55/55 MP: 15/25
  9367 | D:8      | Learned a level 4 spell: Fulminant Prism
  9372 | D:8      | Learned a level 4 spell: Iskenderun's Mystic Blast
  9378 | D:8      | Learned a level 5 spell: Bolt of Magma
  9507 | D:8      | Noticed Nydiazath's ghost (novice SpEn)
  9519 | D:8      | Killed Nydiazath's ghost
  9519 | D:8      | Reached skill level 1 in Earth Magic
  9619 | D:7      | Reached *** piety under Sif Muna
  9619 | D:7      | Reached skill level 1 in Fire Magic
 11049 | D:9      | Reached skill level 10 in Spellcasting
 11060 | D:9      | Noticed Joseph
 11061 | D:9      | Killed Joseph
 11309 | D:9      | Found a snail-covered altar of Cheibriados.
 11455 | D:9      | Found a glowing golden altar of the Shining One.
 11455 | D:9      | Found a shimmering altar of Xom.
 11482 | D:9      | Reached skill level 5 in Evocations
 12425 | D:9      | Reached XP level 11. HP: 50/60 MP: 1/27
 12432 | D:9      | Learned a level 4 spell: Summon Lightning Spire
 12794 | D:9      | Reached **** piety under Sif Muna
 13018 | D:10     | Entered Level 10 of the Dungeon
 13018 | D:10     | Noticed a hill giant
 13038 | D:9      | Killed a hill giant
 13666 | D:10     | Noticed a hill giant
 13676 | D:10     | Killed a hill giant
 13678 | D:10     | Noticed a hill giant
 13721 | D:10     | Killed a hill giant
 13721 | D:10     | Reached skill level 11 in Spellcasting
 14363 | D:10     | Noticed Snorg
 14369 | D:10     | Killed Snorg
 14882 | D:11     | Reached skill level 5 in Earth Magic
 14984 | D:11     | Reached skill level 5 in Fire Magic
 15246 | D:11     | Noticed a hill giant
 15361 | D:11     | Killed a hill giant
 15533 | D:11     | Found a staircase to the Lair.
 15668 | Lair:1   | Entered Level 1 of the Lair of Beasts
 15894 | D:11     | Found a staircase to the Orcish Mines.
 16326 | D:11     | Reached ***** piety under Sif Muna
 16326 | D:11     | Identified Sif Muna's Almanac of the Burning Mountains (Sif Muna gifted it to you on level 11 of the Dungeon)
 16326 | D:11     | Received a gift from Sif Muna
 16784 | D:12     | Noticed Nessos
 16793 | D:12     | Reached XP level 12. HP: 55/67 MP: 13/29
 17055 | D:12     | Found Fyitam's Distillery.
 17058 | D:12     | Bought a potion of magic for 88 gold pieces
 17058 | D:12     | Bought a potion of cancellation for 88 gold pieces
 17058 | D:12     | Bought a potion of heal wounds for 55 gold pieces
 17058 | D:12     | Bought a potion of curing for 33 gold pieces
 17058 | D:12     | Bought a potion of curing for 33 gold pieces
 17143 | D:12     | Killed Nessos
 17294 | D:12     | Reached skill level 5 in Invocations
 17469 | D:12     | Reached skill level 12 in Spellcasting
 17786 | D:12     | Noticed Erolcha
 17789 | D:12     | Killed Erolcha
 18594 | D:13     | Learned a level 3 spell: Regeneration
 18600 | D:13     | Noticed a centaur warrior
 18881 | D:13     | Noticed Azrael
 19004 | D:12     | Reached skill level 5 in Fighting
 19222 | D:13     | Slain by a hell hound

Skill      XL: |  1  2  3  4  5  6  7  8  9 10 11 12 |
---------------+-------------------------------------+-----
Spellcasting   | 5 6 7 8 9 10 11 12 | 12.4
Conjurations   | 2 3 4 5 6 7 |  7.9
Stealth        | 3 4 5 6 7 8 |  8.5
Poison Magic   | 1 2 3 |  3.5
Dodging        | 3 4 5 6 7 8 |  8.5
Air Magic      | 1 2 |  2.7
Evocations     | 1 2 3 4 5 6 |  6.9
Fighting       | 1 2 3 4 5 |  5.0
Hexes          | 2 4 |  4.1
Charms         | 2 3 |  3.8
Summonings     | 2 3 |  3.2
Invocations    | 1 2 3 4 5 |  5.7
Translocations | 2 3 |  3.5
Earth Magic    | 3 5 7 |  7.2
Fire Magic     | 3 5 6 |  6.8
Necromancy     | |  0.5

Action                   |  1- 3 |  4- 6 |  7- 9 | 10-12 || total
-------------------------+-------+-------+-------+-------++-------
Melee: Unarmed           |       |     4 |       |       ||     4
       Quarterstaff      |       |    29 |    56 |    92 ||   177
       Dagger            |       |     8 |     3 |       ||    11
       Mace              |       |       |     1 |       ||     1
 Fire: Hunting sling     |       |       |    13 |       ||    13
 Cast: Magic Dart        |   145 |   115 |   227 |    91 ||   578
       Repel Missiles    |     1 |       |     2 |     5 ||     8
       Call Imp          |       |    10 |     6 |     1 ||    17
       Mephitic Cloud    |       |    10 |    31 |    18 ||    59
       Conjure Flame     |       |       |    14 |     9 ||    23
       Blink             |       |       |     1 |     4 ||     5
       Iskenderun's Myst |       |       |       |   213 ||   213
       Fulminant Prism   |       |       |       |    50 ||    50
       Bolt of Magma     |       |       |       |    53 ||    53
Invok: Divine Energy     |       |       |       |     5 ||     5
       Stop Divine Energ |       |       |       |     4 ||     4
       Channel Magic     |       |       |       |     2 ||     2
 Abil: Evoke Flight      |       |       |     2 |       ||     2
Evoke: Wand              |       |       |     8 |    25 ||    33
  Use: Scroll            |       |       |    10 |     5 ||    15
       Potion            |       |       |     4 |     1 ||     5
 Stab: Sleeping          |       |     2 |     2 |       ||     4
       Confused          |       |       |     1 |     3 ||     4
       Paralysed         |       |       |       |     2 ||     2
       Distracted        |       |       |       |     1 ||     1
  Eat: Chunk             |     4 |     8 |     9 |    25 ||    46
       Meat ration       |       |       |     1 |     2 ||     3
Armor: Robe              |     6 |    15 |    31 |    58 ||   110
Dodge: Dodged            |    25 |    64 |    79 |   185 ||   353
       Deflected         |     2 |       |     6 |    17 ||    25
